 Dungeon Crawl Stone Soup version 0.29-a0-994-gc5c9f59d18 (webtiles) character file.

Game seed: 9192582789970598056

57 coolguy69 the Cutter (level 4, -7/24 HPs)
             Began as a Vine Stalker Monk on Aug 3, 2022.
             Killed from afar by an orc (15 damage)
             ... with an iceblast
             ... on level 3 of the Dungeon.
             The game lasted 00:01:47 (2874 turns).

coolguy69 the Cutter (Vine Stalker Monk)            Turns: 2874, Time: 00:01:48

Health: -7/24      AC:  5    Str: 15    XL:     4   Next: 0%
Magic:  0/1        EV: 12    Int: 10    God:
Gold:   61         SH:  0    Dex: 17    Spells: 3/3 levels left

rFire   . . .      SeeInvis .   q - +2 dagger (antimagic)
rCold   . . .      Faith    .   (no shield)
rNeg    . . .      Spirit   +   k - +0 leather armour
rPois   .          Reflect  .   (no helmet)
rElec   .          Harm     .   (no cloak)
rCorr   .          Rampage  .   m - +0 pair of gloves
Will    .....                   l - +0 pair of boots
Stlth   +.........              (no amulet)
HPRegen 0.88/turn               (no ring)
MPRegen 0.07/turn               (no ring)

@: confused
A: fangs 2, regeneration 1, magic shield, antimagic bite, no potion heal 2
a: no special abilities


You were on level 3 of the Dungeon.
You visited 1 branch of the dungeon, and saw 3 of its levels.

You collected 61 gold pieces.

Inventory:

Hand Weapons
 q - a +2 antimagic dagger (weapon)
Armour
 k - a +0 leather armour (worn)
 l - a +0 pair of boots (worn)
 m - a +0 pair of gloves (worn)
Jewellery
 b - a ring of flight
Wands
 d - a wand of flame (9)
Scrolls
 a - a scroll of magic mapping {unknown}
 g - 2 scrolls of vulnerability
Potions
 c - a potion of ambrosia
 e - a potion of brilliance {unknown}
 f - a potion of heal wounds {unknown}
 h - a potion of berserk rage {unknown}
 n - a potion of flight
 o - a potion of resistance {unknown}


   Skills:
 + Level 3.1 Fighting
 + Level 3.4 Short Blades
 + Level 2.8 Dodging
 + Level 2.9 Stealth


You had 3 spell levels left.
You didn't know any spells.
Your spell library was empty.

Dungeon Overview and Level Annotations

Branches:
Dungeon (3/15)

Altars:
Ru


Innate Abilities, Weirdness & Mutations

You have extremely sharp teeth.
Your natural rate of healing is unusually fast.
When hurt, damage is shared between your health and your magic reserves.
Your bite disrupts and absorbs the magic of your enemies.
Potions cannot restore your health.


Message History

You hit the dart slug but do no damage. You punch the dart slug.
You bite the dart slug.
You kill the dart slug!
You barely miss the orc. Your bite misses the orc. The orc closely misses you.
You hit the orc.
The orc is moderately wounded.
The orc barely misses you. The hobgoblin barely misses you.
An orc comes into view. It is wielding a +0 spear.
An orc wizard comes into view. It is wielding a +0 hand axe.
The endoplasm closely misses you.
The orc wizard shouts!
The orc shouts!
You hit the orc but do no damage. You bite the orc, but do no damage.
The orc is lightly wounded.
The endoplasm freezes you.
You are frozen.
The orc hits you with a +0 falchion. The hobgoblin barely misses you.
The orc wizard casts a spell at you.
You are confused.
You hit the orc but do no damage. You bite the orc. You drain its power.
The orc is moderately wounded.
The orc closely misses you. The hobgoblin hits you.
The endoplasm hits you but does no damage.
The orc hits you but does no damage.
The hobgoblin hits you but does no damage.
The hobgoblin attacks as you move away! The hobgoblin closely misses you.
The orc attacks as you move away! The orc hits you with a +0 falchion.
* * * LOW HITPOINT WARNING * * *
An orc wizard comes into view. It is wielding a +0 mace.
You hit the endoplasm. You bite the endoplasm.
You kill the endoplasm!
The orc wizard points at you and mumbles some strange words.
You resist with some effort.
You hear an angry hiss.
You have reached level 4!
You feel agile.
You begin to heal more quickly.
An adder comes into view.
The orc zaps a wand.
The mass of ice explodes!
The iceblast engulfs you!
Ouch! That really hurt!
You die...

# #... #..# #..#
### ##..#######
... .........
####.#####.##.#.#
........##.##...#
#..o...@...<#.#
#S#.#o#.#####.#
#...g..# #.#
#..o#..#
#.#######
#o..#..#
#.......####
........#
#...........
###...##.#
#...........
..#.. .#
#...........
####.) .#
#...........


You could see 2 orc wizards, an adder, an orc and a hobgoblin.

Vanquished Creatures
  2 dart slugs
  An orc (D:3)
  2 ball pythons (D:2)
  4 bats
  7 endoplasms
  3 giant cockroaches
  5 goblins
  3 hobgoblins
  6 jackals (D:1)
  2 quokkas
  4 frilled lizards
  3 kobolds
  2 rats (D:1)
44 creatures vanquished.

Notes
Turn   | Place    | Note
-------+----------+-------------------------------------------
     0 | D:1      | coolguy69 the Vine Stalker Monk began the quest for the
                  | Orb.
     0 | D:1      | Reached XP level 1. HP: 11/11 MP: 2/2
   101 | D:1      | Reached XP level 2. HP: 5/16 MP: 3/3
  1194 | D:1      | Reached XP level 3. HP: 13/19 MP: 2/4
  2184 | D:2      | Found a sacrificial altar of Ru.
  2289 | D:2      | Found a faded altar of an unknown god.
  2874 | D:3      | Gained mutation: Your natural rate of healing is unusually
                  | fast. [Vine Stalker growth]
  2874 | D:3      | Reached XP level 4. HP: 7/24 MP: 1/5
  2874 | D:3      | Killed from afar by an orc

Illustrated notes

Levels and vault maps discovered:
D:1:      evilmike_arrival_rings, layout_basic, roderic_lattice_a
D:2:      layout_basic, basic_ecumenical_altar, basic_altar
D:3:      layout_basic, okawaru_ov_weapons_minmay, grunt_ministairs_10,
          minmay_misc_feat_enclosed, dreamdust_wishing_well, uniq_terence

Skill      XL: |  1  2  3 |
---------------+----------+-----
Short Blades   | 3 |  3.4
Fighting       | 3 |  3.1
Dodging        | |  2.8
Stealth        | |  2.9

Action                   |  1- 3 |  4- 6 || total
-------------------------+-------+-------++-------
Melee: Short sword       |   126 |       ||   126
       Bite              |    35 |       ||    35
       Punch             |     5 |       ||     5
       Dagger            |    13 |       ||    13
  Use: Scroll            |     5 |       ||     5
 Stab: Sleeping          |     6 |       ||     6
Armor: Robe              |    19 |       ||    19
       Leather armour    |    28 |       ||    28
Dodge: Dodged            |    83 |       ||    83

Table legend: (Time is in decaauts)
 A = Elapsed time spent in this place.
 B = Non-inter-level travel time spent in this place.
 C = Inter-level travel time spent in this place.
 D = Time resting spent in this place.
 E = Time spent auto-exploring this place.
 F = Levels seen in this place.
 G = Mean time per level.
                   A        B        C        D        E       F      G
               +--------+--------+--------+--------+--------+-----+--------+
         Total |   2864 |   2791 |     73 |    349 |   2066 |   3 |  954.7 |
       Dungeon |   2864 |   2791 |     73 |    349 |   2066 |   3 |  954.7 |
               +--------+--------+--------+--------+--------+-----+--------+

Top non-repeatable levels by time:
     D:1: 1800 daAuts
     D:2: 968 daAuts
     D:3: 95 daAuts
